 Dungeon Crawl Stone Soup version 0.30.0 (webtiles) character file.

Game seed: 1624967541582967112

228 60083410 the Poker (level 6, -2/55 (56) HPs)
             Began as a Naga Monk on May 15, 2023.
             Was a Follower of Ru.
             Slain by Crazy Yiuf
             ... wielding a +4 quarterstaff of chaos
              (9 damage)
             ... on level 2 of the Dungeon.
             The game lasted 00:06:21 (1085 turns).

60083410 the Poker (Naga Monk)                      Turns: 1085, Time: 00:06:22

HP:   -2/55 (56)    AC:  5    Str: 15    XL:     6   Next: 2%
MP:   5/6           EV:  7    Int: 10    God:    Ru [*.....]
Gold: 76            SH:  0    Dex: 14    Spells: 5/5 levels left

rFire   + . .        j - +3 scythe (flame)
rCold   . . .        (shield currently unavailable)
rNeg    + . .        d - +1 scale mail {rN+}
rPois   +            b - -2 helmet of Hedge Wizardry {rF+ Regen+}
rElec   .            (no cloak)
rCorr   .            (no gloves)
SInv    +            (no barding)
Will    .....        (no amulet) Stlth
                     (no ring)
HPRegen 1.09/turn    (no ring)
MPRegen 0.10/turn

%: no passive effects
@: lightly drained, unable to read, very slow
A: AC +2, large, see invisible, deformed body, poison resistance, slowness 2,
spit poison 1, inability to read after injury 2, naga tail 1
a: Spit Poison, Renounce Religion


You were on level 2 of the Dungeon.
You worshipped Ru.
Ru was aware of your devotion.
You visited 1 branch of the dungeon, and saw 2 of its levels.

You collected 76 gold pieces.

Inventory:

Hand Weapons
 j - a +3 scythe of flaming (weapon)
Armour
 b - the -2 helmet of Hedge Wizardry (worn) {rF+ Regen+}
   (You found it on level 2 of the Dungeon)

   rF:        It protects you from fire.
   Regen:     It increases your rate of health regeneration.
 d - a +1 scale mail of positive energy (worn)
Scrolls
 a - 2 scrolls of vulnerability {unknown}
 f - 2 scrolls of identify {unknown}
 g - a scroll of teleportation {unknown}
 h - a scroll of butterflies {unknown}
 i - a scroll of amnesia {unknown}
Potions
 c - 3 potions of ambrosia
 e - 2 potions of brilliance {unknown}


   Skills:
 - Level 3.0 Fighting
 - Level 3.8 Long Blades
 + Level 4.9 Polearms
 - Level 2.4 Dodging


You had 5 spell levels left.
You didn't know any spells.
Your spell library was empty.

Dungeon Overview and Level Annotations

Branches:
Dungeon (2/15)

Altars:
Hepliaklqana
Ru

Annotations:
D:2 Crazy Yiuf


Innate Abilities, Weirdness & Mutations

Your serpentine skin is tough. (AC +2)
You have supernaturally acute eyesight. (SInv)
Armour fits poorly on your strangely shaped body.
Your system is resistant to poisons. (rPois)
You cover ground very slowly.
You can spit poison.
You sometimes lose the ability to read scrolls when taking damage.
You have a snake-like lower body.


Message History

You see here a +2 short sword of holy wrath.
c - 3 potions of ambrosia (gained 1)
g - a scroll labelled DAUQENI NODI You see here a +2 short sword of holy wrath.
Found a hammer.
Found two hammers.
Found a runed translucent door.
Found a hammer.
Crazy Yiuf laughs, "Pitchfork fast aubergine!"
Found a hammer.
You open the door.
Crazy Yiuf cries, "Hah poople agre!"
You hit Crazy Yiuf. You burn Crazy Yiuf.
Crazy Yiuf is moderately wounded.
Crazy Yiuf waves his quarterstaff at you.
Crazy Yiuf hits you with a +4 quarterstaff of chaos!
You barely miss Crazy Yiuf.
Crazy Yiuf is moderately wounded.
Crazy Yiuf hits you with a +4 quarterstaff of chaos!
You partially resist.
You feel drained.
Crazy Yiuf says, "Seed meccalolo snail!"
Crazy Yiuf hits you with a +4 quarterstaff of chaos!
You feel threatened and lose the ability to read scrolls!
Crazy Yiuf burns you.
* * * LOW HITPOINT WARNING * * *
You closely miss Crazy Yiuf.
Crazy Yiuf is moderately wounded.
Crazy Yiuf barely misses you.
You hit Crazy Yiuf. You burn Crazy Yiuf.
Crazy Yiuf is heavily wounded.
Crazy Yiuf hits you with a +4 quarterstaff of chaos.
* * * LOW HITPOINT WARNING * * *
You feel your power leaking away.
You closely miss Crazy Yiuf.
Crazy Yiuf is heavily wounded.
Crazy Yiuf hits you with a +4 quarterstaff of chaos!
* * * LOW HITPOINT WARNING * * *
You hit Crazy Yiuf but do no damage.
Crazy Yiuf is heavily wounded.
Crazy Yiuf hits you with a +4 quarterstaff of chaos!
You die...

# #.#.... #.##.##...
#......... ####.##..#
#.##..#
♣♣♣♣♣####.##..# ###
♣♣♣.♣)...#.......
#..)#♣..♣............#
#.).g@♣♣♣♣...........#
#)).#♣♣ ♣♣....#.._..#
### ♣♣####.....#
#.....# #...#.#
#...... ######


You could see Crazy Yiuf.

Vanquished Creatures
  Sigmund (D:2)
  Terence (D:2)
  An adder (D:2)
  A worm (D:2)
  5 ball pythons
  2 bats
  4 endoplasms
  A giant cockroach (D:1)
  A goblin (D:1)
  A kobold (D:2)
  A quokka (D:1)
  3 frilled lizards
  4 rats
26 creatures vanquished.

Notes
Turn   | Place    | Note
-------+----------+-------------------------------------------
     0 | D:1      | 60083410 the Naga Monk began the quest for the Orb.
     0 | D:1      | Reached XP level 1. HP: 21/21 MP: 1/1
   121 | D:1      | Reached XP level 2. HP: 28/28 MP: 2/2
   574 | D:2      | Found a faded altar of an unknown god.
   609 | D:2      | Found a hazy altar of Hepliaklqana.
   625 | D:2      | Prayed at the altar of an unknown god.
   625 | D:2      | Became a worshipper of Ru the Awakened
   641 | D:2      | Reached skill level 1 in Long Blades
   643 | D:2      | Gained mutation: You occasionally lose the ability to read
                  | scrolls when taking damage. [Ru sacrifice]
   643 | D:2      | Gained mutation: You sometimes lose the ability to read
                  | scrolls when taking damage. [Ru sacrifice]
   643 | D:2      | Reached * piety under Ru
   687 | D:2      | Identified the -2 helmet of Hedge Wizardry {rF+ Regen+}
   743 | D:2      | Noticed Sigmund
   749 | D:2      | HP: 1/28 [Sigmund/+3 scythe of flaming (9)]
   750 | D:2      | Killed Sigmund
   751 | D:2      | Reached skill level 4 in Polearms
   751 | D:2      | Reached XP level 3. HP: 3/34 MP: 3/3
   751 | D:2      | Reached XP level 4. HP: 4/42 MP: 4/4
   751 | D:2      | Reached XP level 5. HP: 5/49 MP: 5/5
   816 | D:2      | Noticed Terence
   825 | D:2      | Killed Terence
   828 | D:2      | Reached XP level 6. HP: 50/56 MP: 6/6
  1075 | D:2      | Found a runed translucent door.
  1076 | D:2      | Noticed Crazy Yiuf
  1085 | D:2      | Slain by Crazy Yiuf

Illustrated notes

Levels and vault maps discovered:
D:1:      matt_arrival_los_fun, layout_rooms, minmay_misc_feat_iff
D:2:      layout_loops_ring, basic_altar, ebering_ecumenical_altar_abandoned,
          uniq_terence, uniq_sigmund, uniq_crazy_yiuf_cottage

Skill      XL: |  1  2 |
---------------+-------+-----
Long Blades    | 3 |  3.8
Polearms       | 4 |  4.9
Fighting       | |  3.0
Dodging        | |  2.4

Action                     |  1- 3 |  4- 6 || total
---------------------------+-------+-------++-------
  Melee: Long sword        |    33 |       ||    33
         Spear             |     3 |       ||     3
         Halberd           |       |    28 ||    28
 Invoke: Sacrifice Words   |     1 |       ||     1
   Stab: Distracted        |       |     1 ||     1
 Armour: Robe              |     4 |       ||     4
         Plate armour      |    19 |     6 ||    25
         Scale mail        |       |     4 ||     4
  Dodge: Dodged            |    10 |     2 ||    12
